 Dungeon Crawl Stone Soup version 0.27.1-33-g824d729ab1 (webtiles) character file.

Game seed: 11073021322996487886

39 Descartes the Sneak (level 3, -5/17 HPs)
             Began as a Felid Delver on Dec 9, 2021.
             Killed from afar by a white imp (12 damage)
             ... with a puff of frost
             ... on level 5 of the Dungeon.
             The game lasted 00:00:39 (42 turns).

Descartes the Sneak (Felid Delver)                    Turns: 42, Time: 00:00:40

Health: -5/17      AC:  1    Str:  9    XL:     3   Next: 28%
Magic:  4/4        EV: 18    Int: 11    God:
Gold:   0          SH:  0    Dex: 17    Spells: 2/2 levels left
                                        Lives:  0   Deaths: 0

rFire    . . .     SeeInvis +     - Unarmed
rCold    . . .     Faith    .   (shield unavailable)
rNeg     . . .     Spirit   .   (armour unavailable)
rPois    .         Reflect  .   (helmet unavailable)
rElec    .         Harm     .   (cloak unavailable)
rCorr    .         Rampage  .   (gloves unavailable)
Will     .....                  (boots unavailable)
Stlth    ++++......             (no amulet)
HPRegen  0.05/turn              (no ring)
MPRegen  0.09/turn              (no ring)

@: quick
A: very small, claws 1, fangs 3, see invisible, speed 1, shaggy fur 1, stealthy
paws, no weapons or thrown items, no armour, multi-lived
a: no special abilities


You were on level 5 of the Dungeon.
You visited 1 branch of the dungeon, and saw 1 of its levels.

Inventory:

Wands
 e - a wand of digging (3)
Scrolls
 a - a scroll of fog
 b - a scroll of magic mapping
 c - a scroll of fear
 f - 2 scrolls of amnesia {unknown}
Potions
 d - a potion of haste


   Skills:
 - Level 3.0 Fighting
 + Level 3.6 Dodging
 + Level 7.1 Stealth
 + Level 2.7 Unarmed Combat


You had 2 spell levels left.
You didn't know any spells.
Your spell library was empty.

Dungeon Overview and Level Annotations

Branches:
Dungeon (5/15)
 Temple: D:4-7

Altars:
Elyvilon


Innate Abilities, Weirdness & Mutations

You have sharp claws.
You have razor-sharp teeth.
You have supernaturally acute eyesight. (SInv)
You cover ground quickly. (Speed+)
You are covered in fur. (AC +1)
Your paws help you pounce on unaware monsters.
You are incapable of wielding weapons or throwing items.
You cannot wear armour.
You gain extra lives every three experience levels.


Message History

Found a white marble altar of Elyvilon.
You pounce on the unaware helpless howler monkey!
You claw the howler monkey!
The howler monkey is almost dead.
The howler monkey closely misses you.
You scratch the howler monkey.
The howler monkey is almost dead.
The howler monkey closely misses you.
The howler monkey hoots and howls with incredible vigour!
You hear a shout!
You hear an angry hiss.
You hear a shout! x2
You scratch the howler monkey.
You kill the howler monkey!
Your Dodging skill increases to level 3!
Your Stealth skill increases to level 7!
You have reached level 2!
You have reached level 3!
Your experience leads to an increase in your attributes!
Increase (S)trength, (I)ntelligence, or (D)exterity?
You feel stronger.
You see here a scroll labelled UFULAN KARAL.
f - 2 scrolls labelled UFULAN KARAL (gained 1)
The white imp gestures at you. The puff of frost hits you.
An adder comes into view.
The white imp gestures at you. The puff of frost misses you.
You barely miss the white imp. Your bite misses the white imp.
The white imp hits you. The white imp freezes you.
You barely miss the white imp. You bite the white imp.
The white imp is lightly wounded.
The white imp barely misses you.
You scratch the white imp.
The white imp is moderately wounded.
The white imp misses you.
You scratch the white imp but do no damage.
The white imp is moderately wounded.
The white imp gestures at you. The puff of frost hits you!
Ouch! That really hurt!
You die...

#### #..#
......#.#
≈≈≈≈≈ #.#
.≈≈≈..≈#.#
≈...≈.≈#@#
≈S_.≈.≈#5##
≈...≈.≈#..#
.≈≈≈..≈#..#
≈≈5≈≈≈.#..#
5......#..#
.#########...#
.............#
.#####..###.##


You could see a white imp.

Vanquished Creatures
  A howler monkey (D:5)
1 creature vanquished.

Notes
Turn   | Place    | Note
-------+----------+-------------------------------------------
     0 | D:5      | Descartes the Felid Delver began the quest for the Orb.
     0 | D:5      | Reached XP level 1. HP: 10/10 MP: 2/2
    17 | D:5      | Noticed a howler monkey
    18 | D:5      | Found a white marble altar of Elyvilon.
    22 | D:5      | Killed a howler monkey
    23 | D:5      | Reached skill level 7 in Stealth
    23 | D:5      | Reached XP level 2. HP: 14/14 MP: 3/3
    23 | D:5      | Reached XP level 3. HP: 17/17 MP: 4/4
    42 | D:5      | Killed from afar by a white imp

Illustrated notes

Levels and vault maps discovered:
D:5:      layout_rooms, mainiacjoe_overflow_paths,
          mainiacjoe_overflow_boulevard, minmay_temple_entry_tees,
          lemuel_another_geyser

Skill      XL: |  1 |
---------------+----+-----
Dodging        | 3 |  3.6
Stealth        | 7 |  7.1
Fighting       | |  3.0
Unarmed Combat | |  2.7

Action                   || total
-------------------------++-------
Melee: Unarmed           ||     7
       Bite              ||     1
 Stab: Sleeping          ||     1
Dodge: Dodged            ||     5
